 Dungeon Crawl Stone Soup version 0.26.0-10-g1f06aea511 (webtiles) character file.

Game seed: 8150042857857172781

20904 Dracia the Thaumaturge (level 12, -1/95 HPs)
             Began as a Gnoll Warper on Jan 14, 2021.
             Was a High Priest of Okawaru.
             Slain by a komodo dragon (20 damage)
             ... on level 3 of the Lair of Beasts.
             The game lasted 00:31:12 (17850 turns).

Dracia the Thaumaturge (Gnoll Warper)              Turns: 17850, Time: 00:31:13

Health: -1/95      AC: 14    Str: 19    XL:     12   Next: 84%
Magic:  0/25       EV: 17    Int: 21    God:    Okawaru [*****.]
Gold:   1063       SH:  6    Dex: 18    Spells: 8/29 levels left

rFire    + . .     SeeInvis .   k - +2 scimitar (flame)
rCold    + . .     Faith    .   O - +0 buckler
rNeg     . . .     Spirit   +   w - +1 ring mail of the Nexus {rPois Int+3 Dex+4}
rPois    +         Reflect  .   (helmet restricted)
rElec    .         Harm     .   (no cloak)
rCorr    .         Rampage  .   h - +2 pair of gloves
Will     .....                  r - +2 pair of boots
Stlth    +++.......             G - amulet of guardian spirit
HPRegen  0.25/turn              C - ring of protection from cold
MPRegen  0.19/turn              F - ring of protection from fire

@: hasted, very quick
A: distributed training, antennae 1, fangs 1, strong 1, strong nose
a: Renounce Religion, Heroism, Finesse


You were on level 3 of the Lair of Beasts.
You worshipped Okawaru.
Okawaru was extremely pleased with you.
You visited 3 branches of the dungeon, and saw 14 of its levels.

You collected 1063 gold pieces.


Innate Abilities, Weirdness & Mutations

Your experience applies equally to all skills.
You have very sharp teeth.
Your uncanny sense of smell can sniff out nearby items.
You have a pair of small antennae on your head.
Your muscles are strong. (Str +2)


   Skills:
 + Level 9.0 Fighting
 + Level 7.6 Short Blades
 + Level 9.0 Long Blades
 + Level 7.6 Axes
 + Level 7.6 Maces & Flails
 + Level 7.6 Polearms
 + Level 7.6 Staves
 + Level 7.6 Slings
 + Level 7.6 Bows
 + Level 7.6 Crossbows
 + Level 8.1 Throwing
 + Level 8.1 Armour
 + Level 9.0 Dodging
 + Level 7.6 Stealth
 + Level 7.6 Shields
 + Level 7.6 Unarmed Combat
 + Level 9.2 Spellcasting
 + Level 6.3 Conjurations
 + Level 6.3 Hexes
 + Level 6.3 Summonings
 + Level 6.3 Necromancy
 + Level 8.5 Translocations
 + Level 6.3 Transmutations
 + Level 6.3 Fire Magic
 + Level 6.3 Ice Magic
 + Level 6.3 Air Magic
 + Level 6.3 Earth Magic
 + Level 6.3 Poison Magic
 + Level 8.4 Invocations
 + Level 7.6 Evocations


You had 8 spell levels left.
You knew the following spells:

 Your Spells              Type           Power        Failure   Level
g - Gell's Gravitas       Tloc           22%          1%          3
i - Swiftness             Air            36%          1%          2
k - Airstrike             Air            18%          8%          4
l - Lesser Beckoning      Tloc           22%          1%          3
t - Teleport Other        Tloc           45%          1%          3
u - Passage of Golubria   Tloc           N/A          3%          4
I - Blink                 Tloc           N/A          1%          2

Your spell library contained the following spells:

 Spells                   Type           Power        Failure   Level
 Shock                    Conj/Air       100%         1%          1
 Ignite Poison            Fire/Tmut/Pois 36%          2%          3
 Static Discharge         Conj/Air       36%          2%          3
 Iskenderun's Mystic Bla  Conj/Tloc      41%          4%          4
 Lightning Bolt           Conj/Air       18%          22%         5

Inventory:

Hand Weapons
 a - the cursed +0 whip of the Endless Expanse {flame, Fragile Str+3 SInv Stlth+}
   (You found it on level 3 of the Lair of Beasts)

   It has been specially enchanted to burn those struck by it, causing extra
   injury to most foes and up to half again as much damage against particularly
   susceptible opponents.
   It affects your strength (+3).
   It lets you see invisible.
   It will be destroyed if unequipped.
   It makes you more stealthy.
   It has a curse placed upon it.
 k - a +2 scimitar of flaming (weapon)
 m - a +0 long sword
 E - a +0 battleaxe of electrocution
Missiles
 e - 5 boomerangs of dispersal {=f=f}
 f - 58 poisoned darts (quivered)
 q - 6 curare-tipped darts {=f=f}
 H - 7 boomerangs
 Q - a throwing net {=f=f}
Armour
 h - a +2 pair of gloves (worn)
 r - a +2 pair of boots (worn)
 w - the +1 ring mail of the Nexus (worn) {rPois Int+3 Dex+4}
   (You found it on level 8 of the Dungeon)

   It affects your intelligence (+3).
   It affects your dexterity (+4).
   It protects you from poison.
 M - the +0 robe "Reurux" {Regen+ rCorr Slay+3}
   (Okawaru gifted it to you on level 1 of the Lair of Beasts)

   It affects your accuracy and damage with ranged weapons and melee attacks
   (+3).
   It increases your rate of regeneration.
   It provides partial protection from all sources of acid and corrosion.
 O - a +0 buckler (worn)
 P - the +2 robe "Royfyrim" {+Inv rPois rF++ Int-2}
   (You found it on level 3 of the Lair of Beasts)

   It affects your intelligence (-2).
   It greatly protects you from fire.
   It protects you from poison.
   It lets you turn invisible.
Jewellery
 c - an uncursed ring of ice
 v - an uncursed ring of see invisible
 x - an uncursed amulet of magic regeneration
 A - an uncursed amulet of the acrobat
 C - a ring of protection from cold (left hand)
 F - a ring of protection from fire (right hand)
 G - an amulet of guardian spirit (around neck)
 W - an uncursed ring of magical power
Wands
 p - a wand of iceblast (10)
 D - a wand of disintegration (10)
 K - a wand of digging (5)
 L - a wand of paralysis (10)
Scrolls
 b - 3 scrolls of remove curse {@r2@r2}
 d - 4 scrolls of blinking
 j - 5 scrolls of magic mapping
 o - a scroll of enchant armour
 y - 2 scrolls of amnesia
 I - 2 scrolls of identify {@r1@r1}
 J - a scroll of fear
Potions
 g - 8 potions of curing {@q1@q1}
 i - 2 potions of flight
 l - 2 potions of invisibility
 n - 3 potions of heal wounds {@q2@q2}
 s - 2 potions of resistance
 t - a potion of brilliance
 u - a potion of attraction
 z - a potion of ambrosia
 B - 2 potions of haste {@q3@q3}
Miscellaneous
 N - a phial of floods

Dungeon Overview and Level Annotations

Branches:
Dungeon (10/15)            Temple (1/1) D:4            Lair (3/6) D:10
 Shoals (0/4) Lair:3        Snake (0/4) Lair:2          Orc (0/2) D:9

Altars:
Ashenzari
Cheibriados
Dithmenos
Elyvilon
Fedhas
Gozag
Hepliaklqana
Kikubaaqudgha
Makhleb
Nemelex Xobeh
Okawaru
Qazlal
Sif Muna
Trog
Uskayaw
Vehumet
Wu Jian
Xom
Yredelemnul
Zin
The Shining One

Shops:
D:6 (   D:8 [

Annotations:
D:5 2 transporters
D:8 Gastronok
Lair:1 exclusion: 2 oklob plants

..
.#...≈≈............
......≈............
.#..(.P............
#....†............
.....≈.............
#...#..............
...###......†......
#.. ##....†.....$.
#. #..l@......... ∆
#..ll.........
#...l.........
#...............
#.............[.
..#.>............
.# ..............
..#...........
##.#..........


You could see 3 komodo dragons and a basilisk.


Message History

Press: ? - help, Dir - move target, f - basilisk
Aim: a basilisk The air twists around and strikes the basilisk!
The basilisk is moderately wounded.
Casting: Airstrike (dangerous; 8% risk of failure)
Confirm with . or Enter, or press ? or * to list all spells.
You don't have enough magic to cast that spell.
A komodo dragon comes into view.
The basilisk gazes at you.
You are slowing down.
A komodo dragon comes into view.
The basilisk gazes at you.
Your limbs have turned to stone.
You have turned to stone.
The basilisk bites you. x2
The komodo dragon bites you! The komodo dragon bites you!!
The komodo dragon bites you but does no damage.
The komodo dragon bites you. The komodo dragon bites you!
The komodo dragon completely misses you.
The komodo dragon bites you!! The komodo dragon bites you!
* * * LOW HITPOINT WARNING * * *
The komodo dragon bites you!
* * * LOW HITPOINT WARNING * * *
You turn to flesh and can move again.
You see here a cane toad corpse.
You feel yourself speed up. The komodo dragon bites you!!
* * * LOW HITPOINT WARNING * * *
You block the komodo dragon's attack. The komodo dragon bites you!!
You die...

Skill      XL: |  1  2  3  4  5  6  7  8  9 10 11 12 |
---------------+-------------------------------------+-----
Spellcasting   | 5 6 7 8 9 |  9.2
Invocations    | 1 2 3 4 5 6 7 8 |  8.4
Short Blades   | 1 2 3 4 5 6 7 |  7.6
Axes           | 1 2 3 4 5 6 7 |  7.6
Maces & Flails | 1 2 3 4 5 6 7 |  7.6
Polearms       | 1 2 3 4 5 6 7 |  7.6
Staves         | 1 2 3 4 5 6 7 |  7.6
Slings         | 1 2 3 4 5 6 7 |  7.6
Bows           | 1 2 3 4 5 6 7 |  7.6
Crossbows      | 1 2 3 4 5 6 7 |  7.6
Stealth        | 1 2 3 4 5 6 7 |  7.6
Shields        | 1 2 3 4 5 6 7 |  7.6
Unarmed Combat | 1 2 3 4 5 6 7 |  7.6
Evocations     | 1 2 3 4 5 6 7 |  7.6
Conjurations   | 1 2 3 4 5 6 |  6.3
Hexes          | 1 2 3 4 5 6 |  6.3
Summonings     | 1 2 3 4 5 6 |  6.3
Necromancy     | 1 2 3 4 5 6 |  6.3
Transmutations | 1 2 3 4 5 6 |  6.3
Fire Magic     | 1 2 3 4 5 6 |  6.3
Ice Magic      | 1 2 3 4 5 6 |  6.3
Air Magic      | 1 2 3 4 5 6 |  6.3
Earth Magic    | 1 2 3 4 5 6 |  6.3
Poison Magic   | 1 2 3 4 5 6 |  6.3
Throwing       | 3 4 5 6 7 8 |  8.1
Armour         | 3 4 5 6 7 8 |  8.1
Fighting       | 5 6 7 8 9 |  9.0
Long Blades    | 5 6 7 8 9 |  9.0
Dodging        | 5 6 7 8 9 |  9.0
Translocations | 6 7 8 |  8.5

Action                   |  1- 3 |  4- 6 |  7- 9 | 10-12 || total
-------------------------+-------+-------+-------+-------++-------
Melee: Falchion          |    98 |       |       |       ||    98
       Bite              |    14 |    16 |    51 |   105 ||   186
       Punch             |     1 |     1 |     6 |     6 ||    14
       Long sword        |       |    75 |       |       ||    75
       Quarterstaff      |       |   103 |    41 |       ||   144
       Scimitar          |       |       |   273 |   598 ||   871
Throw: Dart              |       |       |       |    23 ||    23
 Cast: Gell's Gravitas   |       |     1 |       |    18 ||    19
       Airstrike         |       |       |       |     3 ||     3
Evoke: Wand              |       |       |       |     2 ||     2
  Use: Potion            |       |     4 |     3 |     9 ||    16
       Scroll            |       |       |     9 |    13 ||    22
 Stab: Sleeping          |     1 |     1 |     7 |    15 ||    24
       Invisible         |       |     9 |     4 |       ||    13
       Distracted        |       |       |       |     1 ||     1
Armor: Leather armour    |    21 |    54 |    63 |     2 ||   140
       Ring mail         |       |       |       |   161 ||   161
       Acid dragon scale |       |       |       |     3 ||     3
       Robe              |       |       |       |     2 ||     2
Dodge: Dodged            |    75 |   142 |   271 |   459 ||   947
Block: Buckler           |       |       |       |   133 ||   133
       Rpst.: Falchion   |    21 |       |       |       ||    21
       Long sword        |       |    21 |       |       ||    21
       Scimitar          |       |       |    67 |   120 ||   187

Levels and vault maps discovered:
D:1:      dpeg_arrival_simpleton_a, layout_rooms, minmay_lizard_king
D:2:      layout_basic, lemuel_coloured_pillars_altar, lemuel_crystal_altar,
          moated_statue, uniq_natasha
D:3:      layout_loops_corners, minmay_overflow_temple_hex
D:4:      layout_rooms, xom_teletrap_fun, minmay_temple_entry_trees,
          uniq_duvessa, uniq_blork_the_orc, uniq_sigmund
D:5:      gammafunk_cloud_chamber, layout_cave_pools,
          hangedman_abyss_or_decor_jellyfish_corner, uniq_pikel
D:6:      layout_gridville, serial_shops, nicolae_shop_stone, basic_altar
D:7:      layout_layer_cave
D:8:      layout_basic, pdpol_wu_jian_five_deadly_venoms, serial_shops,
          nicolae_shop_window_shopping, minivault_11, uniq_gastronok,
          uniq_maggie
D:9:      layout_roguey, lemuel_crystal_altar, lemuel_crystal_altar, david_orc_2
D:10:     layout_irregular_city, david_lair_shrubbed
Temple:   chequers_temple_sunken
Lair:1:   layout_loops_ring, minmay_lair_oklob_chamber, lemuel_fruit_fields
Lair:2:   layout_long_grid, guppyfry_snake_entry_garden, grunt_megastairs_3,
          lemuel_fruit_fields
Lair:3:   beast_lair_carwin_large_4, layout_cave_shapes,
          elwin_shoals_entry_stream, grunt_megastairs_4

Notes
Turn   | Place    | Note
-------+----------+-------------------------------------------
     0 | D:1      | Dracia the Gnoll Warper began the quest for the Orb.
     0 | D:1      | Reached XP level 1. HP: 20/20 MP: 6/6
    44 | D:1      | Reached XP level 2. HP: 9/26 MP: 7/7
   569 | D:1      | Reached skill level 5 in Spellcasting
   569 | D:1      | Reached XP level 3. HP: 26/31 MP: 7/9
   572 | D:1      | Learned a level 2 spell: Blink
   576 | D:1      | Learned a level 3 spell: Gell's Gravitas
   580 | D:1      | Learned a level 3 spell: Lesser Beckoning
   584 | D:1      | Learned a level 3 spell: Teleport Other
   801 | D:1      | Reached skill level 1 in Invocations
  1128 | D:2      | Found a radiant altar of Vehumet.
  1150 | D:2      | Noticed Natasha
  1162 | D:2      | Killed Natasha
  1163 | D:2      | Reached skill level 1 in Short Blades
  1163 | D:2      | Reached skill level 1 in Axes
  1163 | D:2      | Reached skill level 1 in Maces & Flails
  1163 | D:2      | Reached skill level 1 in Polearms
  1163 | D:2      | Reached skill level 1 in Staves
  1163 | D:2      | Reached skill level 1 in Slings
  1163 | D:2      | Reached skill level 1 in Bows
  1163 | D:2      | Reached skill level 1 in Crossbows
  1163 | D:2      | Reached skill level 1 in Stealth
  1163 | D:2      | Reached skill level 1 in Shields
  1163 | D:2      | Reached skill level 1 in Unarmed Combat
  1163 | D:2      | Reached skill level 1 in Evocations
  1163 | D:2      | Reached XP level 4. HP: 16/38 MP: 11/11
  1614 | D:2      | Found a snail-covered altar of Cheibriados.
  1719 | D:2      | Noticed Natasha
  1728 | D:2      | Killed Natasha
  1729 | D:2      | Reached skill level 1 in Conjurations
  1729 | D:2      | Reached skill level 1 in Hexes
  1729 | D:2      | Reached skill level 1 in Summonings
  1729 | D:2      | Reached skill level 1 in Necromancy
  1729 | D:2      | Reached skill level 1 in Transmutations
  1729 | D:2      | Reached skill level 1 in Fire Magic
  1729 | D:2      | Reached skill level 1 in Ice Magic
  1729 | D:2      | Reached skill level 1 in Air Magic
  1729 | D:2      | Reached skill level 1 in Earth Magic
  1729 | D:2      | Reached skill level 1 in Poison Magic
  1996 | D:2      | Noticed Natasha
  2010 | D:2      | Killed Natasha
  2011 | D:2      | Reached XP level 5. HP: 9/43 MP: 3/12
  2632 | D:3      | Reached skill level 3 in Throwing
  2632 | D:3      | Reached skill level 3 in Armour
  3148 | D:3      | Found a stormy altar of Qazlal.
  3148 | D:3      | Found a basalt altar of Yredelemnul.
  3148 | D:3      | Found a shimmering blue altar of Sif Muna.
  3148 | D:3      | Found a bloodstained altar of Trog.
  3155 | D:3      | Found a broken altar of Ashenzari.
  3158 | D:3      | Found a shadowy altar of Dithmenos.
  3712 | D:4      | Found a shimmering altar of Xom.
  3715 | D:4      | Noticed Duvessa
  3723 | D:4      | Noticed Dowan
  3838 | D:4      | Reached skill level 2 in Invocations
  3838 | D:4      | Reached XP level 6. HP: 31/50 MP: 3/13
  4048 | D:4      | Gained mutation: You have a pair of small antennae on your
                  | head. [potion of mutation]
  4048 | D:4      | Gained mutation: Your muscles are strong. (Str +2) [potion
                  | of mutation]
  4050 | D:4      | Identified a potion of resistance
  4060 | D:4      | Reached skill level 5 in Fighting
  4060 | D:4      | Reached skill level 5 in Long Blades
  4060 | D:4      | Reached skill level 5 in Dodging
  4061 | D:4      | Reached skill level 2 in Short Blades
  4061 | D:4      | Reached skill level 2 in Axes
  4061 | D:4      | Reached skill level 2 in Maces & Flails
  4061 | D:4      | Reached skill level 2 in Polearms
  4061 | D:4      | Reached skill level 2 in Staves
  4061 | D:4      | Reached skill level 2 in Slings
  4061 | D:4      | Reached skill level 2 in Bows
  4061 | D:4      | Reached skill level 2 in Crossbows
  4061 | D:4      | Reached skill level 2 in Stealth
  4061 | D:4      | Reached skill level 2 in Shields
  4061 | D:4      | Reached skill level 2 in Unarmed Combat
  4061 | D:4      | Reached skill level 2 in Evocations
  4086 | D:4      | Killed Duvessa
  4095 | D:4      | Reached XP level 7. HP: 33/56 MP: 10/15
  4102 | D:4      | Killed Dowan
  4126 | D:4      | Reached skill level 2 in Conjurations
  4126 | D:4      | Reached skill level 2 in Hexes
  4126 | D:4      | Reached skill level 2 in Summonings
  4126 | D:4      | Reached skill level 2 in Necromancy
  4126 | D:4      | Reached skill level 2 in Transmutations
  4126 | D:4      | Reached skill level 2 in Fire Magic
  4126 | D:4      | Reached skill level 2 in Ice Magic
  4126 | D:4      | Reached skill level 2 in Air Magic
  4126 | D:4      | Reached skill level 2 in Earth Magic
  4126 | D:4      | Reached skill level 2 in Poison Magic
  4432 | D:4      | Noticed Sigmund
  4438 | D:4      | Killed Sigmund
  4439 | D:4      | Reached skill level 3 in Invocations
  4536 | D:4      | Learned a level 4 spell: Passage of Golubria
  4578 | D:4      | Reached skill level 6 in Translocations
  4578 | D:4      | Reached XP level 8. HP: 62/63 MP: 16/16
  4755 | D:4      | Noticed Blork the orc
  4756 | D:4      | Found a staircase to the Ecumenical Temple.
  4758 | D:4      | Reached skill level 4 in Throwing
  4758 | D:4      | Reached skill level 4 in Armour
  4762 | D:4      | Killed Blork the orc
  4763 | D:4      | Reached skill level 3 in Short Blades
  4763 | D:4      | Reached skill level 3 in Axes
  4763 | D:4      | Reached skill level 3 in Maces & Flails
  4763 | D:4      | Reached skill level 3 in Polearms
  4763 | D:4      | Reached skill level 3 in Staves
  4763 | D:4      | Reached skill level 3 in Slings
  4763 | D:4      | Reached skill level 3 in Bows
  4763 | D:4      | Reached skill level 3 in Crossbows
  4763 | D:4      | Reached skill level 3 in Stealth
  4763 | D:4      | Reached skill level 3 in Shields
  4763 | D:4      | Reached skill level 3 in Unarmed Combat
  4763 | D:4      | Reached skill level 3 in Evocations
  4936 | Temple   | Entered the Ecumenical Temple
  4968 | Temple   | Became a worshipper of Warmaster Okawaru
  5114 | D:5      | Entered Level 5 of the Dungeon
  5124 | D:5      | Found a transporter.
  5256 | D:5      | Reached skill level 6 in Spellcasting
  5362 | D:5      | Noticed Pikel
  5371 | D:5      | Killed Pikel
  5371 | D:5      | Reached * piety under Okawaru
  5372 | D:5      | Reached skill level 3 in Conjurations
  5372 | D:5      | Reached skill level 3 in Hexes
  5372 | D:5      | Reached skill level 3 in Summonings
  5372 | D:5      | Reached skill level 3 in Necromancy
  5372 | D:5      | Reached skill level 3 in Transmutations
  5372 | D:5      | Reached skill level 3 in Fire Magic
  5372 | D:5      | Reached skill level 3 in Ice Magic
  5372 | D:5      | Reached skill level 3 in Air Magic
  5372 | D:5      | Reached skill level 3 in Earth Magic
  5372 | D:5      | Reached skill level 3 in Poison Magic
  5372 | D:5      | Reached skill level 4 in Invocations
  5376 | D:5      | Reached skill level 6 in Fighting
  5376 | D:5      | Reached skill level 6 in Long Blades
  5376 | D:5      | Reached skill level 6 in Dodging
  5376 | D:5      | Reached XP level 9. HP: 23/69 MP: 7/18
  5797 | D:5      | Found a transporter.
  5980 | D:6      | Reached ** piety under Okawaru
  6063 | D:6      | Reached skill level 4 in Short Blades
  6063 | D:6      | Reached skill level 4 in Axes
  6063 | D:6      | Reached skill level 4 in Maces & Flails
  6063 | D:6      | Reached skill level 4 in Polearms
  6063 | D:6      | Reached skill level 4 in Staves
  6063 | D:6      | Reached skill level 4 in Slings
  6063 | D:6      | Reached skill level 4 in Bows
  6063 | D:6      | Reached skill level 4 in Crossbows
  6063 | D:6      | Reached skill level 4 in Stealth
  6063 | D:6      | Reached skill level 4 in Shields
  6063 | D:6      | Reached skill level 4 in Unarmed Combat
  6063 | D:6      | Reached skill level 4 in Evocations
  6661 | D:6      | Found Ahisek's Weapon Shop.
  6831 | D:6      | Found a sparkling altar of Nemelex Xobeh.
  7001 | D:6      | Reached skill level 5 in Throwing
  7001 | D:6      | Reached skill level 5 in Armour
  7873 | D:7      | Reached *** piety under Okawaru
  7874 | D:7      | Reached skill level 5 in Invocations
  8166 | D:7      | Identified the Catalogue of Displaced Poison
  9212 | D:8      | Reached skill level 7 in Spellcasting
  9277 | D:8      | Reached XP level 10. HP: 55/77 MP: 20/20
  9390 | D:8      | Noticed Maggie
  9409 | D:8      | Killed Maggie
  9410 | D:8      | Reached skill level 4 in Conjurations
  9410 | D:8      | Reached skill level 4 in Hexes
  9410 | D:8      | Reached skill level 4 in Summonings
  9410 | D:8      | Reached skill level 4 in Necromancy
  9410 | D:8      | Reached skill level 4 in Transmutations
  9410 | D:8      | Reached skill level 4 in Fire Magic
  9410 | D:8      | Reached skill level 4 in Ice Magic
  9410 | D:8      | Reached skill level 4 in Air Magic
  9410 | D:8      | Reached skill level 4 in Earth Magic
  9410 | D:8      | Reached skill level 4 in Poison Magic
  9427 | D:8      | Got a slimy ring mail
  9436 | D:8      | Reached skill level 5 in Short Blades
  9436 | D:8      | Reached skill level 5 in Axes
  9436 | D:8      | Reached skill level 5 in Maces & Flails
  9436 | D:8      | Reached skill level 5 in Polearms
  9436 | D:8      | Reached skill level 5 in Staves
  9436 | D:8      | Reached skill level 5 in Slings
  9436 | D:8      | Reached skill level 5 in Bows
  9436 | D:8      | Reached skill level 5 in Crossbows
  9436 | D:8      | Reached skill level 5 in Stealth
  9436 | D:8      | Reached skill level 5 in Shields
  9436 | D:8      | Reached skill level 5 in Unarmed Combat
  9436 | D:8      | Reached skill level 5 in Evocations
  9439 | D:8      | Identified the +1 ring mail of the Nexus {rPois Int+3
                  | Dex+4} (You found it on level 8 of the Dungeon)
  9798 | D:8      | Found Loyrchemm's Antique Armour Shoppe.
  9886 | D:8      | Paralysed by a hornet for 3 turns
  9892 | D:8      | Reached skill level 7 in Translocations
  9988 | D:8      | Found an ornate altar of the Wu Jian Council.
 10072 | D:8      | Noticed Gastronok
 10099 | D:8      | HP: 7/77 [Gastronok (27)]
 10713 | D:9      | Found a glowing golden altar of the Shining One.
 10774 | D:9      | Found a staircase to the Orcish Mines.
 10784 | D:9      | Reached **** piety under Okawaru
 10785 | D:9      | Reached skill level 7 in Fighting
 10785 | D:9      | Reached skill level 7 in Long Blades
 10785 | D:9      | Reached skill level 7 in Dodging
 10804 | D:9      | Received a gift from Okawaru
 10809 | D:9      | Reached skill level 6 in Throwing
 10809 | D:9      | Reached skill level 6 in Armour
 11204 | D:9      | Noticed a two-headed ogre
 11210 | D:9      | Killed a two-headed ogre
 11211 | D:9      | Reached skill level 6 in Invocations
 11441 | D:9      | Found a white marble altar of Elyvilon.
 11643 | D:10     | Entered Level 10 of the Dungeon
 11831 | D:10     | Noticed a two-headed ogre
 11869 | D:10     | Killed a two-headed ogre
 11869 | D:10     | Reached ***** piety under Okawaru
 11870 | D:10     | Reached XP level 11. HP: 47/84 MP: 22/22
 12064 | D:10     | Reached skill level 6 in Short Blades
 12064 | D:10     | Reached skill level 6 in Axes
 12064 | D:10     | Reached skill level 6 in Maces & Flails
 12064 | D:10     | Reached skill level 6 in Polearms
 12064 | D:10     | Reached skill level 6 in Staves
 12064 | D:10     | Reached skill level 6 in Slings
 12064 | D:10     | Reached skill level 6 in Bows
 12064 | D:10     | Reached skill level 6 in Crossbows
 12064 | D:10     | Reached skill level 6 in Stealth
 12064 | D:10     | Reached skill level 6 in Shields
 12064 | D:10     | Reached skill level 6 in Unarmed Combat
 12064 | D:10     | Reached skill level 6 in Evocations
 12245 | D:10     | Noticed a two-headed ogre
 12255 | D:10     | Killed a two-headed ogre
 12255 | D:10     | Received a gift from Okawaru
 12256 | D:10     | Reached skill level 8 in Spellcasting
 12256 | D:10     | Reached skill level 5 in Conjurations
 12256 | D:10     | Reached skill level 5 in Hexes
 12256 | D:10     | Reached skill level 5 in Summonings
 12256 | D:10     | Reached skill level 5 in Necromancy
 12256 | D:10     | Reached skill level 5 in Transmutations
 12256 | D:10     | Reached skill level 5 in Fire Magic
 12256 | D:10     | Reached skill level 5 in Ice Magic
 12256 | D:10     | Reached skill level 5 in Air Magic
 12256 | D:10     | Reached skill level 5 in Earth Magic
 12256 | D:10     | Reached skill level 5 in Poison Magic
 12767 | D:10     | Found a staircase to the Lair.
 12951 | D:10     | Received a gift from Okawaru
 13167 | Lair:1   | Entered Level 1 of the Lair of Beasts
 13352 | Lair:1   | Received a gift from Okawaru
 13370 | Lair:1   | Reached skill level 7 in Invocations
 13388 | Lair:1   | Reached skill level 8 in Fighting
 13388 | Lair:1   | Reached skill level 8 in Long Blades
 13388 | Lair:1   | Reached skill level 7 in Throwing
 13388 | Lair:1   | Reached skill level 7 in Armour
 13388 | Lair:1   | Reached skill level 8 in Dodging
 13434 | Lair:1   | Noticed a four-headed hydra
 13442 | Lair:1   | Killed a one-headed hydra
 13582 | Lair:1   | Got a shadowed robe {god gift}
 13583 | Lair:1   | Identified the +0 robe "Reurux" {Regen+ rCorr Slay+3}
                  | (Okawaru gifted it to you on level 1 of the Lair of Beasts)
 13716 | Lair:1   | Noticed a six-headed hydra
 13728 | Lair:1   | Killed a one-headed hydra
 13880 | Lair:1   | Noticed an oklob plant
 13880 | Lair:1   | Noticed an oklob plant
 14392 | Lair:1   | Reached skill level 8 in Translocations
 14398 | Lair:1   | Reached XP level 12. HP: 49/94 MP: 24/24
 14907 | Lair:2   | Reached skill level 7 in Short Blades
 14907 | Lair:2   | Reached skill level 7 in Axes
 14907 | Lair:2   | Reached skill level 7 in Maces & Flails
 14907 | Lair:2   | Reached skill level 7 in Polearms
 14907 | Lair:2   | Reached skill level 7 in Staves
 14907 | Lair:2   | Reached skill level 7 in Slings
 14907 | Lair:2   | Reached skill level 7 in Bows
 14907 | Lair:2   | Reached skill level 7 in Crossbows
 14907 | Lair:2   | Reached skill level 7 in Stealth
 14907 | Lair:2   | Reached skill level 7 in Shields
 14907 | Lair:2   | Reached skill level 7 in Unarmed Combat
 14907 | Lair:2   | Reached skill level 7 in Evocations
 15074 | Lair:2   | Found a staircase to the Snake Pit.
 15524 | Lair:2   | Received a gift from Okawaru
 16033 | Lair:2   | Reached skill level 6 in Conjurations
 16033 | Lair:2   | Reached skill level 6 in Hexes
 16033 | Lair:2   | Reached skill level 6 in Summonings
 16033 | Lair:2   | Reached skill level 6 in Necromancy
 16033 | Lair:2   | Reached skill level 6 in Transmutations
 16033 | Lair:2   | Reached skill level 6 in Fire Magic
 16033 | Lair:2   | Reached skill level 6 in Ice Magic
 16033 | Lair:2   | Reached skill level 6 in Air Magic
 16033 | Lair:2   | Reached skill level 6 in Earth Magic
 16033 | Lair:2   | Reached skill level 6 in Poison Magic
 16459 | Lair:3   | Got a transparent whip
 16468 | Lair:2   | Identified the cursed +0 whip of the Endless Expanse
                  | {flame, Fragile Str+3 SInv Stlth+} (You found it on level 3
                  | of the Lair of Beasts)
 16714 | Lair:3   | Reached skill level 8 in Invocations
 16797 | Lair:3   | Reached skill level 9 in Spellcasting
 16816 | Lair:3   | Got a smoking robe
 16829 | Lair:3   | Identified the +2 robe "Royfyrim" {+Inv rPois rF++ Int-2}
                  | (You found it on level 3 of the Lair of Beasts)
 17175 | Lair:3   | Found a staircase to the Shoals.
 17192 | Lair:3   | Received a gift from Okawaru
 17193 | Lair:3   | Reached skill level 8 in Throwing
 17193 | Lair:3   | Reached skill level 8 in Armour
 17427 | Lair:3   | Received a gift from Okawaru
 17428 | Lair:3   | Reached skill level 9 in Fighting
 17428 | Lair:3   | Reached skill level 9 in Long Blades
 17428 | Lair:3   | Reached skill level 9 in Dodging
 17680 | Lair:3   | Learned a level 2 spell: Swiftness
 17685 | Lair:3   | Learned a level 4 spell: Airstrike
 17850 | Lair:3   | Slain by a komodo dragon

Vanquished Creatures
  2 hydras (Lair:1)
  3 two-headed ogres
  Pikel (D:5)
  2 merfolk sirens (Lair:3)
  A black mamba (Lair:1)
  8 cane toads
  Maggie (D:8)
  A rime drake (Lair:2)
  6 komodo dragons
  A troll (D:10)
  A hornet (D:8)
  2 merfolk (Lair:3)
  8 blink frogs (Lair:3)
  Sigmund (D:4)
  2 wraiths (D:10)
  14 yaks
  2 wyverns
  10 water moccasins
  An ice beast (D:10)
  Duvessa (D:4)
  4 orc warriors
  A sky beast (D:7)
  A hornet zombie (D:6)
  An ogre (D:6)
  3 phantoms
  2 black bears
  11 wolves
  5 centaurs
  A big kobold (D:8)
  Blork the orc (D:4)
  10 bullfrogs
  A gnoll sergeant (D:10)
  Dowan (D:4)
  A water moccasin zombie (D:8)
  A wyvern skeleton (D:6)
  5 scorpions
  6 wights
  A howler monkey (D:9)
  2 centaur zombies
  4 hounds
  7 orc priests
  A jelly (D:5)
  6 orc wizards
  A bullfrog skeleton (D:6)
  7 iguanas
  Natasha (thrice) (D:2)
  8 worker ants
  2 worker ant zombies
  4 gnolls (D:10)
  12 adders
  A shadow imp (D:10)
  3 white imps
  2 ufetubi
  An ooze (D:1)
  3 adder skeletons
  3 worms
  3 dart slugs
  10 leopard geckos
  39 orcs
  8 giant cockroaches
  10 goblins
  8 hobgoblins
  5 jackals
  A quokka (D:7)
  8 bats
  10 frilled lizards
  A jackal skeleton (D:5)
  11 kobolds
  9 rats
317 creatures vanquished.

Vanquished Creatures (others)
  9 fungi (Lair:1)
  29 plants
38 creatures vanquished.

Grand Total: 355 creatures vanquished

Table legend: (Time is in decaauts)
 A = Elapsed time spent in this place.
 B = Non-inter-level travel time spent in this place.
 C = Inter-level travel time spent in this place.
 D = Time resting spent in this place.
 E = Time spent auto-exploring this place.
 F = Levels seen in this place.
 G = Mean time per level.
                   A        B        C        D        E       F      G
               +--------+--------+--------+--------+--------+-----+--------+
         Total |  17918 |  17525 |    393 |   4963 |  10016 |  14 | 1279.9 |
       Dungeon |  13186 |  12899 |    287 |   2801 |   8231 |  10 | 1318.6 |
        Temple |     56 |     30 |     26 |      0 |     28 |   1 |   56.0 |
          Lair |   4675 |   4597 |     78 |   2162 |   1757 |   3 | 1558.3 |
               +--------+--------+--------+--------+--------+-----+--------+

Top non-repeatable levels by time:
     D:7: 2304 daAuts
  Lair:2: 2042 daAuts
  Lair:1: 1729 daAuts
     D:2: 1581 daAuts
    D:10: 1525 daAuts
     D:4: 1285 daAuts
     D:3: 1282 daAuts
     D:8: 1237 daAuts
     D:6: 1133 daAuts
     D:1: 955 daAuts
     D:5: 942 daAuts
     D:9: 937 daAuts
  Lair:3: 903 daAuts
  Temple: 56 daAuts

Table legend:
 A = Non-vault XP
 B = Vault XP
 C = Vault XP percentage of total XP
 D = Non-vault monster count
 E = Vault monster count
 F = Vault count percentage of total count
                 A         B        C        D         E       F
            +---------+---------+-------+---------+---------+-------
      Total |   21807 |    8056 |  27.0 |     265 |      52 |  16.4
            +---------+---------+-------+---------+---------+-------
        D:1 |      51 |       9 |  15.0 |      27 |       7 |  20.6
        D:2 |     103 |      37 |  26.4 |      18 |       1 |   5.3
        D:3 |     103 |       0 |   0.0 |      20 |       0 |   0.0
        D:4 |     550 |     537 |  49.4 |      25 |       4 |  13.8
        D:5 |     437 |     607 |  58.1 |      15 |       1 |   6.2
        D:6 |     831 |       0 |   0.0 |      19 |       0 |   0.0
        D:7 |    1153 |       0 |   0.0 |      30 |       0 |   0.0
        D:8 |     955 |     424 |  30.7 |      27 |       1 |   3.6
        D:9 |    2294 |     154 |   6.3 |      18 |       7 |  28.0
       D:10 |    3924 |     372 |   8.7 |      22 |       1 |   4.3
     Lair:1 |    6046 |    1210 |  16.7 |      21 |       7 |  25.0
     Lair:2 |    2913 |     665 |  18.6 |      14 |       5 |  26.3
     Lair:3 |    2447 |    4041 |  62.3 |       9 |      18 |  66.7
            +---------+---------+-------+---------+---------+-------
